 Dungeon Crawl Stone Soup version 0.24-a0-284-g9fb9971df1 (webtiles) character file.

Game seed: 3678092349323256674

5203 HAL9000 the Jinx (level 10, -8/44 HPs)
             Began as a Vine Stalker Enchanter on May 5, 2019.
             Was a Follower of Dithmenos.
             Mangled by Snorg (10 damage)
             ... on level 10 of the Dungeon.
             The game lasted 00:31:33 (10337 turns).

HAL9000 the Jinx (Vine Stalker Enchanter)          Turns: 10337, Time: 00:31:33

Health: -8/44      AC:  7    Str: 15    XL:     10   Next: 60%
Magic:  0/14       EV: 12    Int: 17    God:    Dithmenos [*.....]
Gold:   296        SH:  0    Dex: 19    Spells: 0/13 levels left

rFire    + + +     SeeInvis .   g - +1 dagger (flame)
rCold    x . .     Gourm    .   (no shield)
rNeg     + . .     Faith    .   z - +0 leather armour "Sycegg" {rElec rF+++ rC- Dex+4}
rPois    .         Spirit   +   u - +0 helmet
rElec    +         Reflect  .   x - +0 cloak
rCorr    .         Harm     .   m - +0 pair of gloves
MR       +....                  e - +0 pair of boots
Stlth    +++.......             (no amulet)
HPRegen  0.54/turn              l - +3 ring of strength
MPRegen  0.14/turn              c - ring of positive energy

@: wreathed by umbra
A: fangs 3, regeneration 1, magic shield, antimagic bite, no potion heal 3, rot
immunity
a: Renounce Religion


You were on level 10 of the Dungeon.
You worshipped Dithmenos.
Dithmenos was aware of your devotion.
You were not hungry.

You visited 2 branches of the dungeon, and saw 11 of its levels.

You collected 485 gold pieces.
You spent 189 gold pieces at shops.

Inventory:

Hand Weapons
 a - a +1 dagger
 g - a +1 dagger of flaming (weapon)
Missiles
 p - 20 tomahawks (quivered)
 v - 6 curare-tipped needles
Armour
 b - a +0 robe
 e - a +0 pair of boots (worn)
 m - a +0 pair of gloves (worn)
 u - a +0 helmet (worn)
 x - a +0 cloak (worn)
 z - the +0 leather armour "Sycegg" (worn) {rElec rF+++ rC- Dex+4}
   (You bought it in a shop on level 7 of the Dungeon)

   It affects your dexterity (+4).
   It renders you almost immune to fire.
   It makes you vulnerable to cold.
   It insulates you from electricity.
Jewellery
 c - a ring of positive energy (right hand)
 l - a +3 ring of strength (left hand)
 C - an uncursed ring of see invisible
 I - an uncursed ring of ice
Wands
 s - a wand of scattershot (6)
 y - a wand of acid (9)
 J - a wand of flame (18)
Scrolls
 f - 4 scrolls of remove curse
 h - 3 scrolls of teleportation
 j - 2 scrolls of amnesia
 k - 2 scrolls of random uselessness {unknown}
 t - 2 scrolls of fog {unknown}
 w - 2 scrolls of noise {unknown}
 B - a scroll of vulnerability
 G - a scroll of blinking {unknown}
 H - 3 scrolls of magic mapping {unknown}
Potions
 i - 4 potions of curing
 n - 6 potions of might
 o - 2 potions of lignification
 q - a potion of haste
 r - a potion of flight
 A - 2 potions of mutation
 E - 3 potions of brilliance
Comestibles
 d - 20 rations
 F - a chunk of flesh


   Skills:
 + Level 9.5 Short Blades
 - Level 1.5 Dodging
 - Level 3.6 Stealth
 - Level 2.1 Spellcasting
 - Level 11.6 Hexes


You couldn't memorise any spells.
You knew the following spells:

 Your Spells              Type           Power        Failure   Level  Hunger
a - Corona                Hex            #####..      1%          1    #......
b - Ensorcelled Hibernat  Hex/Ice        ###...       3%          2    ###....
c - Confuse               Hex            #####...     1%          3    ###....
d - Cause Fear            Hex            #####.....   1%          4    #####..
e - Regeneration          Chrm/Necr      #.........   56%         3    ###....

Your spell library contained the following spells:

 Spells                   Type           Power        Failure   Level  Hunger
 Confusing Touch          Hex            #####.       1%          1    #......
 Slow                     Hex            #####...     1%          2    ###....
 Tukima's Dance           Hex            #####...     1%          3    ###....
 Dazzling Spray           Conj/Hex       ###...       6%          3    ###....
 Inner Flame              Hex/Fire       ###.....     6%          3    ###....
 Portal Projectile        Hex/Tloc       ###...       6%          3    ###....
 Fulminant Prism          Conj/Hex       ###.......   22%         4    #####..
 Leda's Liquefaction      Hex/Erth       ###.......   22%         4    #####..
 Animate Skeleton         Necr           N/A          24%         1    #......
 Magic Dart               Conj           #...         24%         1    #......
 Pain                     Necr           #...         24%         1    #......
 Searing Ray              Conj           #.....       34%         2    ###....
 Metabolic Englaciation   Hex/Ice        ###.......   52%         5    ######.
 Yara's Violent Unravell  Hex/Tmut       ###.......   52%         5    ######.
 Gell's Gravitas          Tloc           #.........   56%         3    ###....
 Vampiric Draining        Necr           #.........   56%         3    ###....
 Animate Dead             Necr           N/A          93%         4    #####..
 Force Lance              Conj/Tloc      #.......     93%         4    #####..
 Iskenderun's Mystic Bla  Conj           #.......     93%         4    #####..
 Petrify                  Tmut/Erth      #.......     93%         4    #####..


Dungeon Overview and Level Annotations

Branches:
Dungeon (10/15)            Temple (1/1) D:5            Lair (0/6) D:10
    Orc (0/2) D:10

Altars:
Ashenzari
Cheibriados
Dithmenos
Elyvilon
Fedhas
Gozag
Hepliaklqana
Kikubaaqudgha
Makhleb
Nemelex Xobeh
Okawaru
Qazlal
Ru
Sif Muna
Trog
Uskayaw
Vehumet
Wu Jian
Xom
Yredelemnul
Zin
The Shining One

Shops:
D:6 *[**(?   D:7 [%(

Annotations:
D:10 Snorg


Innate Abilities, Weirdness & Mutations

You have razor-sharp teeth.
Your natural rate of healing is unusually fast.
When hurt, damage is shared between your health and your magic reserves.
Your bite disrupts and absorbs the magic of your enemies.
Potions cannot restore your health.
You are immune to rotting.


Message History

Okay, then.
Okay, then.
Okay, then.
Casting: Confuse (safe; 1% risk of failure)
Confirm with . or Enter, or press ? or * to list all spells.
Okay, then.
Casting: Confuse (safe; 1% risk of failure)
Confirm with . or Enter, or press ? or * to list all spells.
Snorg resists with some effort.
Snorg bites you! Snorg closely misses you. Snorg claws you! Snorg bites you!
* * * LOW HITPOINT WARNING * * *
Snorg closely misses you. Snorg claws you!
* * * LOW HITPOINT WARNING * * *
Unknown command.
Okay, then.
Okay, then.
Okay, then.
Snorg bites you!
You die...

#####
########################...######
...............T@............))..
....#####..#########..........###
##..# #..# #..._..#...# #..# #..#
#....).#...# #..# #..#
#......#...# #..# #..#
#...##.....# #.T# #..#
#...####...# #..# #..# #...#
#...# #..# #..# #...# ).#


You could see Snorg (berserk).

Vanquished Creatures
  A two-headed ogre (D:9)
  A komodo dragon (D:10)
  A wraith (D:9)
  Sigmund (D:2)
  A spriggan (D:8)
  Eustachio (D:5)
  A water moccasin (D:5)
  2 ice beasts
  2 orc warriors (D:8)
  A sky beast (D:8)
  2 phantoms
  A black bear (D:8)
  3 ogres
  A necrophage (D:7)
  2 centaurs
  2 big kobolds
  5 bullfrogs
  6 scorpions
  5 killer bees (D:8)
  5 wights
  2 howler monkeys (D:8)
  3 crimson imps
  A bullfrog zombie (D:5)
  A quasit (D:6)
  4 hounds
  An orc priest (D:5)
  8 orc wizards
  2 jellies
  A bullfrog skeleton (D:9)
  5 iguanas
  5 worker ants
  Robin (D:4)
  A howler monkey skeleton (D:4)
  9 adders
  3 shadow imps
  An ooze (D:4)
  An adder skeleton (D:6)
  An adder zombie (D:10)
  3 worms
  A dart slug (D:2)
  6 leopard geckos
  53 orcs
  4 bats
  7 giant cockroaches
  10 goblins
  7 hobgoblins
  16 jackals
  14 kobolds
  2 quokkas
  2 ball pythons
  6 frilled lizards
  10 rats
235 creatures vanquished.

Vanquished Creatures (others)
  An orc (D:7)
  3 plants
4 creatures vanquished.

Grand Total: 239 creatures vanquished

Notes
Turn   | Place    | Note
-------+----------+-------------------------------------------
     0 | D:1      | HAL9000 the Vine Stalker Enchanter began the quest for the
                  | Orb.
     0 | D:1      | Reached XP level 1. HP: 9/9 MP: 4/4
   232 | D:1      | Reached XP level 2. HP: 8/13 MP: 4/6
   547 | D:1      | Reached skill level 1 in Short Blades
   942 | D:1      | Reached skill level 4 in Hexes
   942 | D:1      | Reached XP level 3. HP: 14/16 MP: 5/7
  1142 | D:1      | Learned a level 2 spell: Ensorcelled Hibernation
  1146 | D:1      | Learned a level 3 spell: Confuse
  1889 | D:2      | Noticed Sigmund
  1918 | D:2      | Killed Sigmund
  1918 | D:2      | Reached skill level 5 in Hexes
  1918 | D:2      | Gained mutation: Your natural rate of healing is unusually
                  | fast. [Vine Stalker growth]
  1918 | D:2      | Reached XP level 4. HP: 18/21 MP: 2/8
  1918 | D:2      | Reached XP level 5. HP: 21/24 MP: 2/9
  1952 | D:2      | Noticed an ogre
  1967 | D:2      | Killed an ogre
  1967 | D:2      | Reached skill level 6 in Hexes
  1967 | D:2      | Reached XP level 6. HP: 28/28 MP: 0/10
  2472 | D:2      | Found a faded altar of an unknown god.
  3702 | D:4      | Noticed Robin
  3773 | D:4      | Killed Robin
  4099 | D:4      | Reached XP level 7. HP: 28/32 MP: 4/11
  4677 | D:5      | Entered Level 5 of the Dungeon
  4988 | D:5      | Reached skill level 7 in Hexes
  5199 | D:5      | Reached skill level 5 in Short Blades
  5225 | D:5      | Gained mutation: You have razor-sharp teeth. [Vine Stalker
                  | growth]
  5225 | D:5      | Reached XP level 8. HP: 22/36 MP: 6/12
  5433 | D:5      | Noticed Eustachio
  5464 | D:5      | Killed Eustachio
  5514 | D:5      | Found a staircase to the Ecumenical Temple.
  5525 | Temple   | Entered the Ecumenical Temple
  6026 | D:6      | Found Finin's Lightly-Used Armoury.
  6054 | D:6      | Found Etwa's General Store.
  6154 | D:6      | Found Qigof's Antique Armour Shop.
  6203 | D:6      | Found Ziabock's Weapon Shoppe.
  6235 | D:6      | Reached skill level 8 in Hexes
  6322 | D:6      | Found Huteh's Magic Scroll Shop.
  6719 | D:6      | Found Rubufedgh's Assorted Antiques.
  6961 | D:6      | Reached skill level 9 in Hexes
  7035 | D:7      | Found a snail-covered altar of Cheibriados.
  7045 | D:7      | Reached XP level 9. HP: 39/39 MP: 13/13
  7203 | D:7      | Found Qoicy's Antique Armour Shoppe.
  7321 | D:7      | Bought a smoking leather armour for 189 gold pieces
  7331 | D:7      | Identified the cursed +0 leather armour "Sycegg" {rElec
                  | rF+++ rC- Dex+4} (You bought it in a shop on level 7 of the
                  | Dungeon)
  7573 | D:7      | Found Ixequp Gen's Food Boutique.
  7654 | D:7      | Reached skill level 10 in Hexes
  7686 | D:7      | Found Zuqeud's Weapon Shoppe.
  7722 | D:7      | Found a burning altar of Makhleb.
  7740 | D:7      | Found a shadowy altar of Dithmenos.
  7745 | D:7      | Became a worshipper of Dithmenos the Shadowed
  8236 | D:8      | Found a bloodstained altar of Trog.
  8380 | D:8      | Reached * piety under Dithmenos
  8380 | D:8      | Reached skill level 11 in Hexes
  8428 | D:8      | Reached XP level 10. HP: 39/44 MP: 5/14
  8886 | D:8      | Learned a level 4 spell: Cause Fear
  9275 | D:9      | Noticed a two-headed ogre
  9287 | D:9      | Killed a two-headed ogre
  9517 | D:9      | Learned a level 3 spell: Regeneration
  9891 | D:10     | Entered Level 10 of the Dungeon
  9904 | D:10     | Found a staircase to the Lair.
 10048 | D:10     | Found a staircase to the Orcish Mines.
 10114 | D:10     | Found a shimmering altar of Xom.
 10222 | D:10     | Noticed Snorg
 10335 | D:10     | HP: 1/44 [Snorg (9)]
 10337 | D:10     | Mangled by Snorg

Levels and vault maps discovered:
D:1:      dpeg_arrival_more_subterranean_lakeside_camping, layout_loops_corners,
          lexackson_kobold_supper
D:2:      layout_rooms, chequers_ecumenical_altar_twisty, serial_forest,
          infiniplex_forest_end_3, infiniplex_forest_lined_3_way,
          infiniplex_forest_corner_2, infiniplex_forest_clump_small,
          infiniplex_forest_lined_3, serial_park_tiny_pond, uniq_sigmund
D:3:      layout_loops_ring
D:4:      layout_loops_ring, roderic_lattice_a, kennysheep_nondescript,
          uniq_robin
D:5:      layout_cave_pools, minmay_temple_entry_trees, first_ration,
          uniq_eustachio
D:6:      layout_gridville, serial_shops, shop, shop, shop, shop,
          kennysheep_little_box, minmay_shop_damaged
D:7:      layout_rooms, lemuel_doored_altar, minitemple, serial_shops,
          shop_fountains, nicolae_shop_trees, nicolae_shop_trees
D:8:      layout_basic, bloody_trog, the_bakery
D:9:      layout_stronghold
D:10:     layout_long_grid, david_lair_shrubbed, basic_altar,
          jmf_multi_god_temple, uniq_snorg, uniq_nergalle
Temple:   regret_index_temple_mists

Skill      XL: |  1  2  3  4  5  6  7  8  9 10 |
---------------+-------------------------------+-----
Short Blades   | 1 2 3 5 6 7 9 |  9.5
Hexes          | 4 5 6 7 9 11 | 11.6
Dodging        | |  1.5
Stealth        | |  3.6
Spellcasting   | |  2.1

Action                   |  1- 3 |  4- 6 |  7- 9 | 10-12 || total
-------------------------+-------+-------+-------+-------++-------
Melee: Dagger            |    98 |   209 |   411 |   107 ||   825
       Bite              |    19 |    51 |   126 |    34 ||   230
 Cast: Corona            |    15 |       |       |       ||    15
       Ensorcelled Hiber |     4 |    18 |    22 |     8 ||    52
       Confuse           |     1 |     4 |    60 |    23 ||    88
       Cause Fear        |       |       |       |     1 ||     1
  Use: Scroll            |       |     4 |     7 |     4 ||    15
       Potion            |       |       |     1 |       ||     1
 Stab: Sleeping          |     7 |    19 |    18 |    10 ||    54
       Confused          |     1 |     2 |    32 |    12 ||    47
  Eat: Chunk             |     3 |     9 |    19 |    10 ||    41
       Ration            |       |       |     1 |       ||     1
Armor: Robe              |    20 |    49 |    56 |       ||   125
       Leather armour    |       |       |    42 |     6 ||    48
Dodge: Dodged            |    60 |    91 |   210 |    44 ||   405

Table legend:
 A = Non-vault XP
 B = Vault XP
 C = Vault XP percentage of total XP
 D = Non-vault monster count
 E = Vault monster count
 F = Vault count percentage of total count
                 A         B        C        D         E       F
            +---------+---------+-------+---------+---------+-------
      Total |    6406 |    1028 |  13.8 |     214 |      21 |   8.9
            +---------+---------+-------+---------+---------+-------
        D:1 |      29 |      16 |  35.6 |      16 |       8 |  33.3
        D:2 |     177 |     212 |  54.5 |      19 |       1 |   5.0
        D:3 |      98 |       8 |   7.5 |      34 |       4 |  10.5
        D:4 |     344 |      23 |   6.3 |      27 |       5 |  15.6
        D:5 |     452 |     197 |  30.4 |      17 |       1 |   5.6
        D:6 |     735 |       0 |   0.0 |      17 |       0 |   0.0
        D:7 |    1246 |       0 |   0.0 |      30 |       0 |   0.0
        D:8 |    1815 |     211 |  10.4 |      37 |       1 |   2.6
        D:9 |    1407 |       0 |   0.0 |       9 |       0 |   0.0
       D:10 |     103 |     361 |  77.8 |       8 |       1 |  11.1
            +---------+---------+-------+---------+---------+-------
